 Dungeon Crawl Stone Soup version 0.22-a0-351-g29664b4 (webtiles) character file.

9 vishdafish the Charmwright (level 2, 21/22 HPs)
             Began as a Demonspawn Skald on Apr 12, 2018.
             Quit the game on level 1 of the Dungeon.
             The game lasted 00:00:20 (318 turns).

vishdafish the Charmwright (Demonspawn Skald)        Turns: 318, Time: 00:00:20

Health: 21/22      AC:  3    Str: 11    XL:     2   Next: 3%
Magic:  2/5        EV: 12    Int: 14    God:
Gold:   25         SH:  0    Dex: 14    Spells: 4/5 levels left

rFire    . . .     SeeInvis .   a - +0 spear
rCold    . . .     Gourm    .   (no shield)
rNeg     . . .     Faith    .   b - +0 leather armour
rPois    +         Spirit   .   (no helmet)
rElec    .         Reflect  .   (no cloak)
rCorr    .         Harm     .   (no gloves)
MR       .....                  (no boots)
Stlth    ++........             (no amulet)
HPRegen  0.07/turn              i - ring of poison resistance
MPRegen  0.09/turn              (no ring)

@: no status effects
A: thin skeletal structure 1
a: no special abilities


You were on level 1 of the Dungeon.
You were not hungry.

You visited 1 branch of the dungeon, and saw 1 of its levels.

You collected 25 gold pieces.

Inventory:

Hand Weapons
 a - a +0 spear (weapon)
Armour
 b - a +0 leather armour (worn)
Jewellery
 i - a ring of poison resistance (left hand)
Scrolls
 c - a scroll of immolation {unknown}
 e - a scroll of remove curse {unknown}
 f - a scroll of identify {unknown}
 g - a scroll of enchant weapon {unknown}
 j - a scroll of amnesia {unknown}
Potions
 h - 2 potions of curing {unknown}
Comestibles
 d - 2 rations


   Skills:
 + Level 2.1 Fighting
 + Level 1.8 Polearms
 + Level 0.8 Armour
 + Level 1.9 Dodging
 + Level 2.1 Spellcasting
 + Level 2.9 Charms


You had 4 spell levels left.
You knew the following spells:

 Your Spells              Type           Power        Failure   Level  Hunger
a - Infusion              Chrm           #...         10%         1    #......


Dungeon Overview and Level Annotations

Branches:
Dungeon (1/15)

Altars:


Innate Abilities, Weirdness & Mutations

You have a somewhat thin skeletal structure. (Dex +2, Stealth)


Message History

You hit the dart slug but do no damage.
The dart slug is severely wounded.
The goblin hits you but does no damage.
You hit the dart slug.
You kill the dart slug!
The goblin closely misses you.
You barely miss the goblin. The goblin hits you with a dagger.
You hit the goblin.
You kill the goblin!
You have reached level 2!
Your demonic ancestry asserts itself...
Your bones become slightly less dense.
Things that are here:
a dagger; a goblin corpse You are no longer magically infusing your attacks.
j - a scroll labeled XIXOR ZIREXT You now have 25 gold pieces (gained 3).
A goblin comes into view.
A goblin is nearby!
Are you sure you want to abandon this character and quit the game? (Confirm with "yes".)

##...............+
........#........##
....>..............
........#...######
#....†.#)..#######
#.......†........#
#................#
#................####
#..............@....#
#...................#
##....##................
......##..........#.....
......##..........#.....
...#####..........# ....
...# ##.......... ..g
...### ............. ...
.....##.......


You could see a goblin (sleeping).

Vanquished Creatures
  A dart slug (D:1)
  A giant cockroach (D:1)
  2 goblins (D:1)
  A hobgoblin (D:1)
  A frilled lizard (D:1)
6 creatures vanquished.

Notes
Turn   | Place    | Note
-------+----------+-------------------------------------------
     0 | D:1      | vishdafish the Demonspawn Skald began the quest for the Orb.
     0 | D:1      | Reached XP level 1. HP: 16/16 MP: 3/3
   303 | D:1      | Gained mutation: You have a somewhat thin skeletal structure. (Dex +2, Stealth) [demonic ancestry]
   303 | D:1      | Reached XP level 2. HP: 20/22 MP: 0/5
   318 | D:1      | Quit the game

Vault maps used:
D:1:      dpeg_arrival_tiny_a

Action                   || total
-------------------------++-------
Melee: Spear             ||    16
 Cast: Infusion          ||     1
Armor: Leather armour    ||     1
Dodge: Dodged            ||     4

Table legend:
 A = Spawn XP
 B = Non-spawn XP
 C = Spawn XP percentage of total XP
 D = Spawn monster count
 E = Non-spawn monster count
 F = Spawn count percentage of total count
 G = Total turns spent on level
                    A         B        C        D         E        F      G
               +---------+---------+-------+---------+---------+-------+---------
         Total |       0 |      13 |   0.0 |       0 |       6 |   0.0 |   318
               +---------+---------+-------+---------+---------+-------+---------
           D:1 |       0 |      13 |   0.0 |       0 |       6 |   0.0 |   318
               +---------+---------+-------+---------+---------+-------+---------
